 Dungeon Crawl Stone Soup version 0.26-a0-660-gc07710193c (webtiles) character file.

Game seed: 6328536281124499942

177 marklar909 the Digger (level 5, 0/38 HPs)
             Began as a Formicid Earth Elementalist on Oct 6, 2020.
             Killed from afar by an orc wizard (5 damage)
             ... with a magic dart
             ... on level 4 of the Dungeon.
             The game lasted 00:07:09 (3129 turns).

marklar909 the Digger (Formicid Earth Elementalist) Turns: 3129, Time: 00:07:10

Health: 0/38       AC:  4    Str: 14    XL:     5   Next: 88%
Magic:  3/10       EV: 12    Int: 14    God:
Gold:   154        SH:  0    Dex: 11    Spells: 9/10 levels left

rFire    . . .     SeeInvis +   f - +0 spear
rCold    . . .     Faith    .   (no shield)
rNeg     . . .     Spirit   .   c - +0 robe
rPois    .         Reflect  .   (helmet unavailable)
rElec    .         Harm     .   (no cloak)
rCorr    .         Rampage  .   t - +1 pair of gloves
MR       .....                  (no boots)
Stlth    ++........             (no amulet)
HPRegen  0.12/turn              (no ring)
MPRegen  0.12/turn              (no ring)

@: flying, very slightly contaminated
A: permanent stasis, dig shafts and tunnels, four strong arms, antennae 3
a: Dig, Shaft Self


You were on level 4 of the Dungeon.
You visited 1 branch of the dungeon, and saw 4 of its levels.

You collected 154 gold pieces.

Inventory:

Hand Weapons
 f - a +0 spear (weapon)
Missiles
 b - 53 stones (quivered)
 j - 5 javelins
 k - 2 curare-tipped darts
 l - 36 poisoned darts
 m - 5 boomerangs
Armour
 c - a +0 robe (worn)
 h - a cursed +0 scale mail
 t - a +1 pair of gloves (worn)
Jewellery
 e - an uncursed ring of see invisible {unknown}
 i - an uncursed ring of stealth {unknown}
 r - a cursed -4 ring of protection {unknown}
 x - an uncursed ring of protection from magic {unknown}
Wands
 u - a wand of polymorph (8)
Scrolls
 a - 4 scrolls of remove curse
 d - a scroll of fear {unknown}
 o - 4 scrolls of amnesia {unknown}
 p - 4 scrolls of identify
 s - 2 scrolls of teleportation {unknown}
 w - 2 scrolls of random uselessness {unknown}
 y - a scroll of immolation {unknown}
Potions
 v - a potion of heal wounds {unknown}
 z - a potion of invisibility {unknown}
 A - a potion of lignification {unknown}


   Skills:
 * Level 2.2 Fighting
 + Level 1.2 Polearms
 + Level 2.1 Dodging
 + Level 2.9 Stealth
 + Level 3.4 Spellcasting
   Level 1.1 Transmutations
 + Level 5.1 Earth Magic


You had 9 spell levels left.
You knew the following spells:

 Your Spells              Type           Power        Failure   Level
a - Sandblast             Erth           ###...       2%          1

Your spell library contained the following spells:

 Spells                   Type           Power        Failure   Level
 Passwall                 Tmut/Erth      ##......     9%          2
 Stone Arrow              Conj/Erth      #.....       22%         3
 Petrify                  Tmut/Erth      ##......     50%         4
 Lee's Rapid Deconstruct  Erth           ###.......   56%         5


Dungeon Overview and Level Annotations

Branches:
Dungeon (4/15)
 Temple: D:4-7

Altars:
Fedhas
Makhleb

Annotations:
D:3 Sigmund


Innate Abilities, Weirdness & Mutations

You cannot be hasted, slowed, berserked, paralysed or teleported.
You can dig through walls and to a lower floor.
Your four strong arms can wield two-handed weapons with a shield.
You have a pair of large antennae on your head. (SInv)


Message History

Press: ? - help, Shift-Dir - straight line, f/p - adder
Aim: an adder (severely wounded)
The blast of sand hits the adder!
You kill the adder!
b - 53 stones The orc wizard gestures wildly while chanting.
The orc wizard blinks!
The orc wizard closely misses you. The jackal bites you.
* * * LOW HITPOINT WARNING * * *
Unknown command.
Casting: Sandblast (safe; 2% risk of failure)
Confirm with . or Enter, or press ? or * to list all spells.
Aiming: Sandblast (safe; 2% risk of failure)
Press: ? - help, Shift-Dir - straight line, f - jackal
Aim: a jackal You miscast Sandblast.
You are very lightly contaminated with residual magic.
Nothing appears to happen.
The orc wizard gestures at you while chanting.
The magic dart hits you.
You die...

#...# #...#
##...#### #.......#
#.......# #.......#
#.......######+###
#.....o.....h....##
########...@o.....#
#...§o.†...#
#..........#
#..........#
#..........#
########.....
..(... ##....


You could see 2 orc wizards, an orc and a jackal.

Vanquished Creatures
  An orc priest (D:4)
  Jessica (D:3)
  5 adders
  2 oozes (D:1)
  2 worms
  3 dart slugs
  An orc (D:3)
  4 giant cockroaches
  6 hobgoblins
  7 jackals
  2 kobolds (D:1)
  A quokka (D:3)
  5 bats
  8 frilled lizards
  5 goblins
  6 rats
59 creatures vanquished.

Notes
Turn   | Place    | Note
-------+----------+-------------------------------------------
     0 | D:1      | marklar909 the Formicid Earth Elementalist began the quest
                  | for the Orb.
     0 | D:1      | Reached XP level 1. HP: 13/13 MP: 3/3
    93 | D:1      | Reached XP level 2. HP: 19/20 MP: 0/5
    96 | D:1      | Reached skill level 4 in Earth Magic
   210 | D:1      | Reached skill level 1 in Fighting
   404 | D:1      | Reached XP level 3. HP: 20/26 MP: 4/6
  1390 | D:2      | Reached XP level 4. HP: 32/32 MP: 4/8
  2079 | D:2      | Found a blossoming altar of Fedhas.
  2120 | D:3      | Noticed Jessica
  2130 | D:3      | Killed Jessica
  2130 | D:3      | Reached XP level 5. HP: 38/38 MP: 5/9
  2227 | D:3      | Found a faded altar of an unknown god.
  2373 | D:3      | Reached skill level 1 in Polearms
  2615 | D:3      | Noticed Sigmund
  2718 | D:3      | Found a burning altar of Makhleb.
  3041 | D:3      | Reached skill level 5 in Earth Magic
  3124 | D:4      | HP: 1/38 [adder (2)]
  3129 | D:4      | Killed from afar by an orc wizard

Illustrated notes

Levels and vault maps discovered:
D:1:      dpeg_arrival_three_bigger_balls, layout_basic
D:2:      layout_basic, fedhas_altar_1
D:3:      layout_rooms, lemuel_doored_altar, chequers_ecumenical_altar_island,
          roderic_nine_men_s_morris, minmay_door_square, uniq_sigmund,
          uniq_jessica
D:4:      layout_basic, okawaru_metal_pillars_1_2, uniq_robin

Skill      XL: |  1  2  3  4  5 |
---------------+----------------+-----
Earth Magic    | 4 5 |  5.1
Fighting       | 1 2 |  2.2
Spellcasting   | 3 |  3.4
Dodging        | 2 |  2.1
Polearms       | 1 |  1.2
Stealth        | |  2.9
Transmutations | |  1.1

Action                   |  1- 3 |  4- 6 || total
-------------------------+-------+-------++-------
Melee: Spear             |    23 |    66 ||    89
 Cast: Sandblast         |    36 |    40 ||    76
  Use: Potion            |       |     3 ||     3
       Scroll            |       |     1 ||     1
 Stab: Sleeping          |     1 |     3 ||     4
Armor: Robe              |     6 |    25 ||    31
Dodge: Dodged            |    23 |    55 ||    78

Table legend: (Time is in decaauts)
 A = Elapsed time spent in this place.
 B = Non-inter-level travel time spent in this place.
 C = Inter-level travel time spent in this place.
 D = Time resting spent in this place.
 E = Time spent auto-exploring this place.
 F = Levels seen in this place.
 G = Mean time per level.
                   A        B        C        D        E       F      G
               +--------+--------+--------+--------+--------+-----+--------+
         Total |   3138 |   2809 |    329 |    194 |   2147 |   4 |  784.5 |
       Dungeon |   3138 |   2809 |    329 |    194 |   2147 |   4 |  784.5 |
               +--------+--------+--------+--------+--------+-----+--------+

Top non-repeatable levels by time:
     D:1: 1139 daAuts
     D:3: 972 daAuts
     D:2: 968 daAuts
     D:4: 57 daAuts
